[ AOE2 MATCH · #504840844 ]
UnrankedPortuguese vs Koreans
Player's team · LOSS
Rival team · WIN
[ REPLAY ANALYSIS · EXTRACTED FROM THE RECORDED GAME ]
Feudal
9:16
Castle
19:59
Imperial
41:52
| APM avg | 61.5 |
| APM peak | 113 |
| eAPM avg | 39.8 |
| Villagers / military | 245 / 572 |
Focus
⚔️ 47.4% · 🌾 52.6%
Spearman ×465 · Monk ×62 · Mangonel ×16 · Organ Gun ×9 · Trebuchet (Packed) ×8 · Archer ×6
Feudal
10:31
Castle
14:42
Imperial
47:53
| APM avg | 79.6 |
| APM peak | 174 |
| eAPM avg | 45.9 |
| Villagers / military | 218 / 198 |
Focus
⚔️ 67.6% · 🌾 32.4%
War Wagon ×175 · Bombard Cannon ×10 · Iron Pagoda ×9 · Monk ×4
Match map
Initial resources + every placement click. Lines = walls · curves = elevation contours. ◆ gold · ⬟ stone · ● berries · ✦ relic · ◌ wall gap
Your base· Open — unwalled flank
Tacacá's base· Open — unwalled flank
Smoothed initial terrain · ◌ = detected wall gap · hover for details
Inputs per minute
— DK | Good_luck - - Tacacá
Build order — DK | Good_luck
First 150 of 854 actions detected
| 0:00 | Create | Villager (Male) |
| 0:01 | Build | House |
| 0:02 | Build | House |
| 0:05 | Create | Villager (Male) |
| 0:08 | Create | Villager (Male) |
| 0:09 | Create | Villager (Male) |
| 1:13 | Build | House |
| 1:17 | Create | Villager (Male) |
| 1:53 | Create | Villager (Male) |
| 1:53 | Create | Villager (Male) |
| 1:56 | Build | Lumber Camp |
| 2:19 | Create | Villager (Male) |
| 2:45 | Create | Villager (Male) |
| 2:45 | Create | Villager (Male) |
| 3:07 | Create | Villager (Male) |
| 3:35 | Create | Villager (Male) |
| 3:35 | Create | Villager (Male) |
| 3:59 | Build | House |
| 4:00 | Build | House |
| 4:06 | Build | House |
| 4:08 | Create | Villager (Male) |
| 4:08 | Create | Villager (Male) |
| 4:29 | Create | Villager (Male) |
| 4:36 | Create | Villager (Male) |
| 4:36 | Create | Villager (Male) |
| 4:42 | Build | Mill |
| 4:44 | Build | House |
| 4:54 | Create | Villager (Male) |
| 4:54 | Create | Villager (Male) |
| 4:55 | Create | Villager (Male) |
| 4:55 | Create | Villager (Male) |
| 5:21 | Create | Villager (Male) |
| 6:17 | Create | Villager (Male) |
| 6:18 | Research | Loom |
| 6:35 | Build | Barracks |
| 6:56 | Build | House |
| 6:58 | Build | Palisade Wall |
| 7:06 | Research | Feudal Age |
| 7:56 | Create | Militia |
| 8:00 | Create | Militia |
| 8:22 | Create | Militia |
| 8:22 | Create | Militia |
| 8:28 | Build | Mining Camp |
| 8:38 | Build | Palisade Wall |
| 8:53 | Create | Militia |
| 9:16 | Age | Feudal Age |
| 9:20 | Build | Archery Range |
| 9:23 | Build | Watch Tower |
| 9:26 | Create | Villager (Male) |
| 9:38 | Build | Palisade Wall |
| 9:56 | Build | Watch Tower |
| 9:59 | Create | Villager (Male) |
| 10:06 | Build | Watch Tower |
| 10:10 | Build | House |
| 10:12 | Build | Palisade Wall |
| 10:13 | Build | Palisade Wall |
| 10:15 | Build | Palisade Wall |
| 10:20 | Research | Double-Bit Axe |
| 10:21 | Create | Villager (Male) |
| 10:22 | Research | Man-at-Arms (upgrade) |
| 10:22 | Research | Man-at-Arms (upgrade) |
| 10:32 | Create | Archer |
| 10:43 | Build | Palisade Wall |
| 10:45 | Build | Palisade Wall |
| 10:45 | Build | Palisade Wall |
| 10:46 | Build | Palisade Wall |
| 10:55 | Create | Villager (Male) |
| 10:56 | Create | Villager (Male) |
| 10:59 | Build | House |
| 11:14 | Create | Archer |
| 11:16 | Create | Villager (Male) |
| 11:37 | Build | Blacksmith |
| 11:37 | Create | Villager (Male) |
| 11:39 | Build | Farm |
| 11:48 | Build | Palisade Wall |
| 11:57 | Create | Archer |
| 12:02 | Create | Villager (Male) |
| 12:04 | Build | Farm |
| 12:15 | Create | Villager (Male) |
| 12:28 | Research | Fletching |
| 12:39 | Create | Archer |
| 12:46 | Create | Villager (Male) |
| 12:48 | Build | Mining Camp |
| 13:02 | Create | Villager (Male) |
| 13:03 | Build | Farm |
| 13:20 | Create | Archer |
| 13:21 | Create | Villager (Male) |
| 13:23 | Build | Farm |
| 13:41 | Create | Archer |
| 14:01 | Create | Villager (Male) |
| 14:03 | Build | Farm |
| 14:05 | Create | Villager (Male) |
| 14:06 | Build | House |
| 14:30 | Create | Villager (Male) |
| 14:31 | Build | Farm |
| 14:38 | Build | Watch Tower |
| 14:51 | Create | Villager (Male) |
| 14:55 | Build | Palisade Wall |
| 14:56 | Build | Palisade Wall |
| 15:05 | Build | Market |
| 15:18 | Build | Farm |
| 15:19 | Build | Farm |
| 15:44 | Create | Villager (Male) |
| 16:21 | Create | Villager (Male) |
| 16:43 | Create | Trade Cart |
| 16:54 | Build | House |
| 16:55 | Build | House |
| 17:19 | Research | Castle Age |
| 17:48 | Build | Farm |
| 17:52 | Build | Lumber Camp |
| 17:53 | Research | Horse Collar |
| 18:12 | Build | Stone Wall |
| 18:49 | Create | Villager (Male) |
| 18:53 | Build | Stone Wall |
| 18:56 | Build | Stone Wall |
| 18:58 | Build | Stone Wall |
| 19:05 | Build | Stone Wall |
| 19:34 | Create | Villager (Male) |
| 19:43 | Create | Villager (Male) |
| 19:51 | Create | Villager (Male) |
| 19:59 | Age | Castle Age |
| 20:01 | Build | Siege Workshop |
| 20:02 | Create | Villager (Male) |
| 20:04 | Build | Monastery |
| 20:08 | Research | Bow Saw |
| 20:09 | Research | Bow Saw |
| 20:26 | Create | Mangonel |
| 20:35 | Create | Monk |
| 20:39 | Create | Villager (Male) |
| 20:40 | Create | Villager (Male) |
| 20:50 | Build | Market |
| 20:52 | Build | Farm |
| 20:53 | Create | Villager (Male) |
| 21:11 | Create | Mangonel |
| 21:28 | Build | Town Center |
| 22:16 | Create | Mangonel |
| 22:29 | Create | Villager (Male) |
| 22:39 | Create | Villager (Male) |
| 22:41 | Build | Farm |
| 22:44 | Create | Monk |
| 23:12 | Create | Mangonel |
| 23:19 | Create | Villager (Male) |
| 23:19 | Create | Villager (Male) |
| 23:49 | Build | Town Center |
| 24:06 | Create | Monk |
| 24:07 | Create | Villager (Male) |
| 24:07 | Create | Villager (Male) |
| 24:14 | Create | Mangonel |
| 24:29 | Build | Farm |
| 25:27 | Build | Siege Workshop |
Build order — Tacacá
First 150 of 728 actions detected
| 0:00 | Create | Villager (Male) ×4 |
| 0:02 | Build | House |
| 0:02 | Build | House |
| 1:36 | Create | Villager (Male) |
| 1:36 | Create | Villager (Male) |
| 1:53 | Build | Lumber Camp |
| 1:57 | Create | Villager (Male) |
| 1:57 | Create | Villager (Male) |
| 2:11 | Create | Villager (Male) |
| 2:11 | Create | Villager (Male) |
| 2:52 | Create | Villager (Male) |
| 2:52 | Create | Villager (Male) |
| 2:55 | Create | Villager (Male) |
| 2:55 | Create | Villager (Male) |
| 3:32 | Create | Villager (Male) |
| 3:32 | Create | Villager (Male) |
| 3:50 | Build | House |
| 3:58 | Create | Villager (Male) |
| 3:58 | Create | Villager (Male) |
| 4:11 | Build | House |
| 4:34 | Create | Villager (Male) |
| 4:34 | Create | Villager (Male) |
| 4:35 | Create | Villager (Male) |
| 4:35 | Create | Villager (Male) |
| 4:57 | Build | House |
| 5:08 | Build | Mill |
| 5:14 | Create | Villager (Male) |
| 5:15 | Create | Villager (Male) |
| 5:15 | Create | Villager (Male) |
| 6:00 | Create | Villager (Male) |
| 6:00 | Create | Villager (Male) |
| 6:01 | Create | Villager (Male) |
| 6:01 | Create | Villager (Male) |
| 6:19 | Build | Palisade Wall |
| 6:21 | Build | Palisade Wall |
| 7:01 | Build | Palisade Wall |
| 7:07 | Research | Loom |
| 7:10 | Create | Villager (Male) |
| 7:10 | Research | Loom |
| 7:30 | Build | Mining Camp |
| 8:14 | Research | Feudal Age |
| 8:14 | Research | Feudal Age |
| 9:34 | Build | Palisade Wall |
| 9:36 | Build | Palisade Wall |
| 9:39 | Build | Palisade Wall |
| 9:41 | Build | Palisade Wall |
| 9:43 | Build | Palisade Wall |
| 9:45 | Build | Palisade Wall |
| 9:46 | Build | Palisade Wall |
| 9:48 | Build | Palisade Wall |
| 9:50 | Build | Palisade Wall |
| 10:31 | Age | Feudal Age |
| 10:36 | Build | Market |
| 10:38 | Build | Blacksmith |
| 10:58 | Build | Stone Wall |
| 11:03 | Build | Stone Wall |
| 11:07 | Build | Stone Wall |
| 11:10 | Build | Stone Wall |
| 11:14 | Build | Stone Wall |
| 12:02 | Research | Castle Age |
| 12:02 | Research | Castle Age |
| 12:07 | Build | Stone Wall |
| 12:26 | Build | Palisade Gate |
| 12:49 | Build | Stone Wall |
| 12:51 | Build | Stone Wall |
| 13:00 | Build | Stone Wall |
| 13:05 | Build | Stone Wall |
| 13:09 | Build | Stone Wall |
| 13:11 | Build | Stone Wall |
| 13:22 | Build | Farm |
| 13:23 | Build | Farm |
| 13:35 | Build | Farm |
| 13:37 | Build | Farm |
| 13:41 | Build | Stone Wall |
| 13:51 | Create | Villager (Male) |
| 13:51 | Create | Villager (Male) |
| 14:42 | Age | Castle Age |
| 15:01 | Create | Villager (Male) |
| 15:06 | Build | Mining Camp |
| 15:17 | Create | Villager (Male) |
| 15:20 | Build | House |
| 15:35 | Build | Farm |
| 15:46 | Build | Castle |
| 15:54 | Create | Villager (Male) |
| 16:17 | Create | Villager (Male) |
| 16:24 | Build | Siege Workshop |
| 16:43 | Create | Villager (Male) |
| 16:43 | Create | Villager (Male) |
| 16:59 | Create | Iron Pagoda |
| 16:59 | Create | Iron Pagoda |
| 17:10 | Create | Villager (Male) |
| 17:10 | Create | Villager (Male) |
| 17:38 | Create | Villager (Male) |
| 17:38 | Create | Villager (Male) |
| 17:40 | Build | Farm |
| 17:44 | Create | War Wagon |
| 17:44 | Create | War Wagon |
| 18:08 | Create | Villager (Male) |
| 18:08 | Create | Villager (Male) |
| 18:11 | Create | War Wagon |
| 18:11 | Create | War Wagon |
| 18:21 | Create | War Wagon |
| 18:21 | Create | War Wagon |
| 18:33 | Create | Villager (Male) |
| 18:34 | Create | Villager (Male) |
| 19:02 | Create | Villager (Male) |
| 19:03 | Create | Villager (Male) |
| 19:24 | Create | Villager (Male) |
| 19:25 | Create | Villager (Male) |
| 19:35 | Create | War Wagon |
| 19:35 | Create | War Wagon |
| 19:35 | Create | War Wagon |
| 19:52 | Create | Villager (Male) |
| 19:53 | Create | Villager (Male) |
| 20:02 | Create | Villager (Male) |
| 20:03 | Create | Villager (Male) |
| 20:12 | Create | War Wagon |
| 20:35 | Create | Iron Pagoda |
| 20:35 | Create | Iron Pagoda |
| 20:42 | Create | Villager (Male) |
| 20:42 | Create | Villager (Male) |
| 20:42 | Create | Villager (Male) |
| 20:51 | Build | House |
| 20:59 | Create | Villager (Male) |
| 20:59 | Create | Villager (Male) |
| 20:59 | Create | Villager (Male) |
| 21:03 | Create | War Wagon |
| 21:03 | Create | War Wagon |
| 21:03 | Create | War Wagon |
| 21:25 | Research | Fletching |
| 21:25 | Research | Fletching |
| 21:39 | Build | Watch Tower |
| 21:59 | Create | War Wagon |
| 21:59 | Create | War Wagon |
| 22:14 | Create | Villager (Male) |
| 22:14 | Create | Villager (Male) |
| 22:15 | Create | Villager (Male) |
| 22:17 | Create | War Wagon |
| 22:17 | Create | War Wagon |
| 22:18 | Create | War Wagon |
| 22:48 | Create | Villager (Male) |
| 22:49 | Build | Farm |
| 23:01 | Build | Outpost |
| 23:17 | Build | House |
| 23:20 | Build | Lumber Camp |
| 23:24 | Create | War Wagon |
| 23:57 | Create | War Wagon |
| 24:02 | Research | Bodkin Arrow |
| 24:02 | Research | Bodkin Arrow |
| 24:08 | Build | House |
Match timeline
| 6:19 | Tacacá · wall_segment Palisade Wall x4 |
| 6:21 | Tacacá · wall_segment Palisade Wall x10 |
| 6:35 | DK | Good_luck · first_building Barracks |
| 6:58 | DK | Good_luck · wall_segment Palisade Wall x4 |
| 7:01 | Tacacá · wall_segment Palisade Wall x9 |
| 8:38 | DK | Good_luck · wall_segment Palisade Wall x11 |
| 9:16 | DK | Good_luck · age_up feudal |
| 9:20 | DK | Good_luck · first_building Archery Range |
| 9:34 | Tacacá · wall_segment Palisade Wall x1 |
| 9:36 | Tacacá · wall_segment Palisade Wall x1 |
| 9:38 | DK | Good_luck · wall_segment Palisade Wall x4 |
| 9:39 | Tacacá · wall_segment Palisade Wall x1 |
| 9:41 | Tacacá · wall_segment Palisade Wall x1 |
| 9:43 | Tacacá · wall_segment Palisade Wall x1 |
| 9:45 | Tacacá · wall_segment Palisade Wall x1 |
| 9:46 | Tacacá · wall_segment Palisade Wall x1 |
| 9:48 | Tacacá · wall_segment Palisade Wall x1 |
| 9:50 | Tacacá · wall_segment Palisade Wall x1 |
| 10:12 | DK | Good_luck · wall_segment Palisade Wall x1 |
| 10:13 | DK | Good_luck · wall_segment Palisade Wall x1 |
| 10:15 | DK | Good_luck · wall_segment Palisade Wall x4 |
| 10:31 | Tacacá · age_up feudal |
| 10:43 | DK | Good_luck · wall_segment Palisade Wall x3 |
| 10:45 | DK | Good_luck · wall_segment Palisade Wall x3 |
| 10:45 | DK | Good_luck · wall_segment Palisade Wall x2 |
| 10:46 | DK | Good_luck · wall_segment Palisade Wall x3 |
| 10:58 | Tacacá · wall_segment Stone Wall x1 |
| 11:03 | Tacacá · wall_segment Stone Wall x1 |
| 11:07 | Tacacá · wall_segment Stone Wall x1 |
| 11:10 | Tacacá · wall_segment Stone Wall x1 |
| 11:14 | Tacacá · wall_segment Stone Wall x1 |
| 11:37 | Tacacá · first_market_sell 100 stone |
| 11:48 | DK | Good_luck · wall_segment Palisade Wall x3 |
| 12:07 | Tacacá · wall_segment Stone Wall x3 |
| 12:49 | Tacacá · wall_segment Stone Wall x1 |
| 12:51 | Tacacá · wall_segment Stone Wall x1 |
| 13:00 | Tacacá · wall_segment Stone Wall x4 |
| 13:05 | Tacacá · wall_segment Stone Wall x2 |
| 13:09 | Tacacá · wall_segment Stone Wall x1 |
| 13:11 | Tacacá · wall_segment Stone Wall x1 |
| 13:41 | Tacacá · wall_segment Stone Wall x11 |
| 14:42 | Tacacá · age_up castle |
| 14:55 | DK | Good_luck · wall_segment Palisade Wall x6 |
| 14:56 | DK | Good_luck · wall_segment Palisade Wall x10 |
| 15:46 | Tacacá · first_building Castle |
| 16:24 | Tacacá · first_building Siege Workshop |
| 17:00 | DK | Good_luck · first_market_sell 100 wood |
| 17:01 | DK | Good_luck · first_market_buy 100 food |
| 18:12 | DK | Good_luck · wall_segment Stone Wall x12 |
| 18:53 | DK | Good_luck · wall_segment Stone Wall x1 |
| 18:56 | DK | Good_luck · wall_segment Stone Wall x1 |
| 18:58 | DK | Good_luck · wall_segment Stone Wall x1 |
| 19:05 | DK | Good_luck · wall_segment Stone Wall x1 |
| 19:59 | DK | Good_luck · age_up castle |
| 20:01 | DK | Good_luck · first_building Siege Workshop |
| 20:04 | DK | Good_luck · first_building Monastery |
| 20:21 | Tacacá · first_market_buy 100 wood |
| 26:49 | Tacacá · wall_segment Palisade Wall x1 |
| 26:50 | Tacacá · wall_segment Palisade Wall x1 |
| 26:50 | Tacacá · wall_segment Palisade Wall x1 |
| 26:50 | Tacacá · wall_segment Palisade Wall x1 |
| 26:51 | Tacacá · wall_segment Palisade Wall x1 |
| 26:51 | Tacacá · wall_segment Palisade Wall x1 |
| 31:15 | Tacacá · first_building Monastery |
| 35:27 | DK | Good_luck · first_building Castle |
| 41:52 | DK | Good_luck · age_up imperial |
| 44:04 | Tacacá · first_building Barracks |
| 47:46 | Tacacá · first_building Stable |
| 47:53 | Tacacá · age_up imperial |
| 48:52 | Tacacá · first_building Archery Range |
| 54:26 | DK | Good_luck · wall_segment Stone Wall x8 |
| 65:44 | DK | Good_luck · wall_segment Stone Wall x1 |
| 66:55 | DK | Good_luck · resign |
[ AI ANALYSIS · 1 CREDIT ]
What really happened in this match?
Wolo.gg analyzes every decision: build order, eco, micro, common mistakes by bracket. Personalized analysis on WhatsApp or Discord in 30 seconds.
Civ guide
Portuguese
Perfil
Jugador #689666